 Dungeon Crawl Stone Soup version 0.30-a0-840-ga523dec638 (webtiles) character file.

Game seed: 7331041604998205918

53 KoolestKoolAid the Digger (level 3, 19/19 HPs)
             Began as a Gargoyle Earth Elementalist on Mar 1, 2023.
             Quit the game on level 2 of the Dungeon.
             The game lasted 00:20:28 (1811 turns).

KoolestKoolAid the Digger (GrEE)                    Turns: 1811, Time: 00:20:29

Health: 19/19      AC:  6    Str: 11    XL:     3   Next: 89%
Magic:  7/7        EV: 11    Int: 17    God:
Gold:   97         SH:  0    Dex: 10    Spells: 6/7 levels left

rFire   . . .      SeeInvis .    f - +2 dagger (venom)
rCold   . . .      Faith    .    (no shield)
rNeg    + . .      Spirit   .    j - +0 leather armour
rPois   ∞          Reflect  .    (no helmet)
rElec   +          Harm     .    (no cloak)
rCorr   .          Rampage  .    (no gloves)
Will    .....                    (no boots)
Stlth   ++                       (no amulet)
HPRegen 0.23/turn                (no ring)
MPRegen 0.10/turn                (no ring)

@: no status effects
A: sickness immunity, AC +3, negative energy resistance 1, electricity
resistance, torment resistance 1, petrification resistance
a: no special abilities


You were on level 2 of the Dungeon.
You visited 1 branch of the dungeon, and saw 2 of its levels.

You collected 97 gold pieces.

Inventory:

Hand Weapons
 e - a +0 dagger
 f - a +2 dagger of venom (weapon)
 g - a +0 dagger
 h - a +0 spear
 i - a +0 club
 k - a +0 short sword
 q - a +0 spear
Missiles
 l - 4 boomerangs
Armour
 a - a +0 robe
 j - a +0 leather armour (worn)
Scrolls
 c - 2 scrolls of identify {unknown}
 m - 2 scrolls of fog {unknown}
 r - a scroll of noise {unknown}
 s - a scroll of enchant armour {unknown}
Potions
 b - a potion of magic
 d - 2 potions of curing {unknown}
 n - a potion of might {unknown}
 o - a potion of degeneration {unknown}
 p - 2 potions of haste {unknown}


   Skills:
 * Level 0.1 Armour
 * Level 1.8 Dodging
 * Level 2.4 Stealth
 + Level 2.7 Spellcasting
 - Level 0.7 Transmutations
 + Level 4.6 Earth Magic


You had 6 spell levels left.
You knew the following spells:

 Your Spells              Type           Power      Damage    Failure   Level
a - Sandblast             Erth           36%        2d10      3%          1

Your spell library contained the following spells:

 Spells                   Type           Power      Damage    Failure   Level
 Passwall                 Tmut/Erth      9%         N/A       12%         2
 Stone Arrow              Conj/Erth      20%        3d8       26%         3
 Petrify                  Tmut/Erth      11%        N/A       61%         4


Dungeon Overview and Level Annotations

Branches:
Dungeon (2/15)

Altars:


Innate Abilities, Weirdness & Mutations

You are immune to sickness and miasma.
Your stone body is resilient. (AC +3)
You are immune to poison.
You resist negative energy. (rN+)
You are resistant to electric shocks. (rElec)
You are resistant to unholy torment.
You are immune to petrification.


Message History

Found a stone staircase leading down.
There is a stone staircase leading down here.
You now have 97 gold pieces (gained 8).
Done exploring.
Done exploring.
Unknown command.
Unknown command.
Unknown command.
Unknown command.
Unknown command.
Unknown command.
Unknown command.
Unknown command.
Unknown command.
Unknown command.
Unknown command.
Unknown command.
Unknown command.
Unknown command.
Unknown command.
Done exploring.
Done exploring.
Done exploring.
Done exploring.
Your magic is already full.
Are you sure you want to abandon this character and quit the game? (Confirm with "yes".)
Okay, then.
Unknown command.
Unknown command.
Are you sure you want to abandon this character and quit the game? (Confirm with "yes".)
Okay, then.
Unknown command.
Unknown command.
Unknown command.
Unknown command.
Unknown command.
Unknown command.
Unknown command.
Unknown command.
Are you sure you want to abandon this character and quit the game? (Confirm with "yes".)

####..####################
............#...........>#
.......(......##########.#
###..#####...####...## #.#
#..# ##.....##.###.###.#
#..# #........## ##.##.#
#..###........# #.##.#
#....#........## ##.##.#
###.##.##.....##@###.###.#
....##.###...####...## #.#
######.# ##### ##.## #(# #
#.# #.# #.# ######.# #.#
#.# ##.....# #.# #.##
##.##### #####.# #..# ##.#
#.....# ##.# ##.# #.#####
#.#


There were no monsters in sight!

Vanquished Creatures
  A worm (D:2)
  2 dart slugs (D:1)
  7 endoplasms
  9 goblins
  5 hobgoblins (D:1)
  2 quokkas
  6 ball pythons
  2 bats (D:1)
  2 frilled lizards
  2 kobolds (D:1)
  2 rats
40 creatures vanquished.

Notes
Turn   | Place    | Note
-------+----------+-------------------------------------------
     0 | D:1      | KoolestKoolAid the Gargoyle Earth Elementalist began the
                  | quest for the Orb.
     0 | D:1      | Reached XP level 1. HP: 10/10 MP: 3/3
    80 | D:1      | Reached skill level 4 in Earth Magic
   157 | D:1      | Reached XP level 2. HP: 15/15 MP: 1/5
   477 | D:1      | Reached XP level 3. HP: 19/19 MP: 3/6
  1811 | D:2      | Quit the game

Illustrated notes

Levels and vault maps discovered:
D:1:      dpeg_arrival_shrine, layout_rooms
D:2:      layout_loops_ring

Skill      XL: |  1 |
---------------+----+-----
Earth Magic    | 4 |  4.6
Armour         | |  0.1
Dodging        | |  1.8
Stealth        | |  2.4
Spellcasting   | |  2.7
Transmutations | |  0.7

Action                     || total
---------------------------++-------
  Melee: Unarmed           ||     1
         Dagger            ||     1
   Cast: Sandblast         ||    53
 Armour: Robe              ||     4
         Leather armour    ||     1
  Dodge: Dodged            ||    24

Table legend: (Time is in decaauts)
 A = Elapsed time spent in this place.
 B = Non-inter-level travel time spent in this place.
 C = Inter-level travel time spent in this place.
 D = Time resting spent in this place.
 E = Time spent auto-exploring this place.
 F = Levels seen in this place.
 G = Mean time per level.
                   A        B        C        D        E       F      G
               +--------+--------+--------+--------+--------+-----+--------+
         Total |   1837 |   1837 |      0 |      0 |    281 |   2 |  918.5 |
       Dungeon |   1837 |   1837 |      0 |      0 |    281 |   2 |  918.5 |
               +--------+--------+--------+--------+--------+-----+--------+

Top non-repeatable levels by time:
     D:1: 923 daAuts
     D:2: 913 daAuts
